 Dungeon Crawl Stone Soup version 0.30-a0-777-ga9a30cbeda (webtiles) character file.

Game seed: 3952033873328930980

21303 sanka the Black Belt (level 12, -20/87 HPs)
             Began as an Octopode Monk on Feb 14, 2023.
             Was an Initiate of Gozag.
             Shot with an arrow by a centaur warrior (24 damage)
             ... on level 13 of the Dungeon.
             The game lasted 00:26:35 (14884 turns).

sanka the Black Belt (Octopode Monk)               Turns: 14884, Time: 00:26:35

Health: -20/87     AC:  1    Str: 21    XL:     12   Next: 88%
Magic:  27/27      EV: 38    Int: 14    God:    Gozag
Gold:   1030       SH:  0    Dex: 16    Spells: 13/20 levels left

rFire   . . .      SeeInvis .      - Unarmed
rCold   . . .      Faith    .    (no shield)
rNeg    . . .      Spirit   .    (helmet restricted)
rPois   .          Reflect  .    J - amulet of the acrobat
rElec   .          Harm     .    l - +5 ring of evasion
rCorr   .          Rampage  .    s - +5 ring of evasion
Will    .....                    E - ring "Meddeid" {EV+5 Str+3}
Stlth   +++                      c - +5 ring of evasion
HPRegen 0.34/turn                G - +6 ring of strength
MPRegen 0.20/turn                M - ring of magical power
                                 (no ring)
                                 (no ring)

@: no status effects
A: almost no armour, amphibious, 8 rings, camouflage 1, gelatinous body 1,
(nimble swimmer 1), tentacles
a: Renounce Religion, Potion Petition, Call Merchant, Bribe Branch


You were on level 13 of the Dungeon.
You worshipped Gozag.
Gozag was most pleased with you.
You visited 2 branches of the dungeon, and saw 14 of its levels.
You also visited: Sewer.

You collected 2954 gold pieces.
You spent 1180 gold pieces at shops.
You paid 744 gold pieces to Gozag.


Innate Abilities, Weirdness & Mutations

You cannot wear most types of armour.
You are amphibious.
You can wear up to eight rings at the same time.
Your skin changes colour to match your surroundings (Stealth+).
Your rubbery body absorbs attacks. (AC +1, EV +1)
((You are camouflaged when in or above water. (Stealth+)))
You have tentacles for arms and can constrict up to eight enemies at once.


   Skills:
 - Level 10.0 Fighting
 - Level 10.0 Dodging
 - Level 2.6 Stealth
 - Level 15.0 Unarmed Combat
 + Level 4.5 Spellcasting
 + Level 5.0 Transmutations


You had 13 spell levels left.
You knew the following spells:

 Your Spells              Type           Power      Damage    Failure   Level
z - Blade Hands           Tmut           8%         N/A       54%         5
N - Passwall              Tmut/Erth      8%         N/A       10%         2

Your spell library contained the following spells:

 Spells                   Type           Power      Damage    Failure   Level
 Sandblast                Erth           6%         2d5       19%         1
 Stone Arrow              Conj/Erth      6%         3d7       50%         3
 Tukima's Dance           Hex            3%         N/A       50%         3
 Yara's Violent Unravell  Hex/Tmut       5%         3d4       87%         5
 Passage of Golubria      Tloc           3%         N/A       88%         4
 Summon Forest            Summ/Tloc      1%         N/A       99%         5
 Eringya's Noxious Bog    Tmut/Pois      5%         N/A       100%        6
 Iron Shot                Conj/Erth      1%         9d1       100%        6
 Summon Hydra             Summ           1%         N/A       100%        7
 Animate Armour           Summ/Erth      Unusable   N/A       N/A         4

Inventory:

Hand Weapons
 C - the +5 whip of Etsesea {heavy, rElec rPois Str+4}

   Str:       It affects your strength (+4).
   rElec:     It insulates you from electricity.
   rPois:     It protects you from poison.
Missiles
 j - 5 throwing nets {=f}
Magical Staves
 n - a staff of cold
 q - a staff of poison
Jewellery
 c - a +5 ring of evasion (on tentacle)
 l - a +5 ring of evasion (left tentacle)
 s - a +5 ring of evasion (right tentacle)
 E - the ring "Meddeid" (on tentacle) {EV+5 Str+3}

   [ring of evasion]

   EV:        It affects your evasion (+5).
   Str:       It affects your strength (+3).
 G - a +6 ring of strength (on tentacle)
 J - an amulet of the acrobat (around mantle)
 M - a ring of magical power (on tentacle)
 P - a ring of resist corrosion
Wands
 u - a wand of mindburst (14)
 v - a wand of polymorph (7)
 w - a wand of paralysis (9)
 x - a wand of roots (7)
 L - a wand of flame (9)
Scrolls
 d - 2 scrolls of magic mapping
 i - 2 scrolls of enchant armour
 k - 2 scrolls of vulnerability {!r}
 m - 9 scrolls of teleportation {@r4}
 o - a scroll of butterflies
 r - a scroll of silence {!r}
 t - 4 scrolls of fog
 y - 4 scrolls of amnesia
 B - a scroll of brand weapon
 D - 3 scrolls of immolation {!r}
 H - a scroll of blinking
 Q - a scroll of noise {!r}
 R - a scroll of enchant weapon {unknown}
Potions
 a - 3 potions of ambrosia
 b - 7 potions of flight
 e - 5 potions of curing {@q1}
 f - 4 potions of resistance
 g - 3 potions of might
 h - 2 potions of heal wounds {@q2}
 p - 3 potions of brilliance
 z - 5 potions of mutation {!q}
 A - a potion of cancellation
 F - 3 potions of lignification {!q}
 I - a potion of magic {unknown}
 K - a potion of berserk rage {unknown}
 N - a potion of haste {@q3}
Miscellaneous
 O - a condenser vane

Dungeon Overview and Level Annotations

Branches:
Dungeon (13/15)            Temple (1/1) D:4            Lair (0/5) D:10
    Orc (0/2) D:11          Sewer (visited)
 Vaults: D:13-14

Altars:
Ashenzari
Cheibriados
Dithmenos
Elyvilon
Fedhas
Gozag
Hepliaklqana
Kikubaaqudgha
Makhleb
Nemelex Xobeh
Okawaru
Qazlal
Ru
Sif Muna
Trog
Uskayaw
Vehumet
Wu Jian
Xom
Yredelemnul
Zin
The Shining One

Shops:
D:1 (   D:4 =   D:9 =   D:10 [   D:11 (   D:13 *

Portals:
Trove: D:11 (give 5 potions of resistance)

Annotations:
D:8 2 transporters, SlaveLabor's ghost, journeyman DrAE
D:9 2 transporters, GrimJard's ghost, journeyman HOMo
D:10 exclusion: downstairs

▒...>.......▒..▒...
▒...........▒..▒...
▒▒8.∩.8▒▒▒▒▒▒▒▒▒▒▒.
▒...........'...^'.
▒...<.......▒....▒.
▒▒'...'▒▒▒▒▒▒▒▒▒▒▒▒
▒...8.........
▒.............
▒.x>..........
▒..Dc.........
▒..c..........
▒.............
▒.............
▒.............
▒^...........
▒........... £
▒..........


You could see a fire dragon and 2 centaur warriors.


Message History

The fire dragon completely misses you. The fire dragon misses you.
The fire dragon tramples you!
You stumble backwards!
You bludgeon the fire dragon!
The fire dragon is almost dead.
The centaur warrior wields a +0 shortbow.
The centaur warrior shoots an arrow.
The arrow misses you.
The centaur warrior shoots an arrow.
The arrow closely misses you.
Unknown command.
You completely miss the fire dragon.
The fire dragon is almost dead.
The centaur warrior shoots an arrow.
The arrow completely misses you. The fire dragon breathes flames at you.
The blast of flame hits you!!!
Ouch! That really hurt!
* * * LOW HITPOINT WARNING * * *
The centaur warrior shoots an arrow.
The arrow hits you.
* * * LOW HITPOINT WARNING * * *
You closely miss the fire dragon.
You squeeze the fire dragon, but do no damage.
The fire dragon is almost dead.
The centaur warrior shoots an arrow.
The arrow hits you!!
You die...
Your body crumbles into a pile of gold.

Action                     |  1- 3 |  4- 6 |  7- 9 | 10-12 || total
---------------------------+-------+-------+-------+-------++-------
  Melee: Unarmed           |    61 |   129 |   380 |   534 ||  1104
         Constrict         |    14 |    30 |    73 |    72 ||   189
         Tentacles         |     9 |    32 |    93 |   142 ||   276
         Punch             |     4 |     9 |    16 |    64 ||    93
 Invoke: Potion Petition   |       |       |       |     2 ||     2
  Evoke: Wand              |       |       |       |     9 ||     9
    Use: Scroll            |       |       |       |    14 ||    14
         Potion            |       |       |       |     3 ||     3
   Stab: Sleeping          |    11 |    11 |    18 |    11 ||    51
         Distracted        |       |       |     2 |     2 ||     4
         Invisible         |       |       |       |     2 ||     2
 Armour: Skin              |     1 |     2 |     3 |     5 ||    11
  Dodge: Dodged            |    24 |    95 |   356 |   566 ||  1041

Levels and vault maps discovered:
D:1:      sevenhm_arrival_forest_fort_small_4, layout_basic,
          shapermc_ecumenical_altar_hornbeckon, serial_shops, nicolae_shop_trees
D:2:      layout_loops_corners, uniq_sigmund
D:3:      layout_loops_cross
D:4:      layout_cave_pods, minmay_temple_entry_mist, serial_shops,
          kennysheep_mini_moat, minmay_increasing_density, uniq_edmund,
          uniq_pikel, uniq_menkaure
D:5:      layout_cave_pods, portal_sewer_entry_b, serial_shops,
          nicolae_diamond_shop, grunt_decor_cap, uniq_crazy_yiuf_cottage
D:6:      layout_rooms
D:7:      layout_cave_pools, uniq_prince_ribbit1
D:8:      layout_loops_ring, gammafunk_ghost_smash, bh_walls_and_bars,
          uniq_maggie, uniq_grum
D:9:      layout_roguey [special_room_orc], nzn_wu_jian_contemplation,
          serial_curves, eino_curves_01, eino_curves_02, gammafunk_ghost_arena,
          serial_shops, shop
D:10:     layout_basic, nicolae_ashenzari_skybound, minitemple,
          ebering_ghost_inner_flame, serial_shops, shop, serial_bayou,
          serial_bayou_pond_e, serial_bayou_pond_d, serial_bayou_ford_a,
          serial_bayou_pond_b
D:11:     layout_basic, david_orc_2, serial_shops,
          nicolae_shop_bloodbath_and_beyond, nicolae_trove_entry_crossroad,
          uniq_nergalle, uniq_psyche
D:12:     layout_rooms
D:13:     layout_grid_maze, david_vaults_5, kennysheep_flooded_box,
          nicolae_stop_n_shop_2, nicolae_sif_muna_condensation
Temple:   nicolae_temple_bog_church

Notes
Turn   | Place    | Note
-------+----------+-------------------------------------------
     0 | D:1      | sanka the Octopode Monk began the quest for the Orb.
     0 | D:1      | Reached XP level 1. HP: 16/16 MP: 1/1
   118 | D:1      | Reached XP level 2. HP: 21/21 MP: 2/2
   182 | D:1      | Found Asotoduph's Weapon Shoppe.
   743 | D:1      | Found a faded altar of an unknown god.
   796 | D:2      | Reached skill level 4 in Dodging
   796 | D:2      | Reached XP level 3. HP: 26/26 MP: 3/3
  1108 | D:2      | Noticed Sigmund
  1122 | D:2      | Killed Sigmund
  1123 | D:2      | Reached skill level 6 in Dodging
  1123 | D:2      | Reached XP level 4. HP: 13/31 MP: 4/4
  1123 | D:2      | Reached XP level 5. HP: 15/36 MP: 5/5
  1239 | D:2      | Reached XP level 6. HP: 36/42 MP: 6/6
  2067 | D:3      | Reached skill level 7 in Dodging
  2493 | D:4      | Noticed Pikel
  2889 | D:4      | Reached XP level 7. HP: 25/46 MP: 7/7
  3110 | D:4      | Found a staircase to the Ecumenical Temple.
  3135 | Temple   | Entered the Ecumenical Temple
  3272 | Temple   | Became a worshipper of Gozag Ym Sagoz the Greedy
  3332 | D:4      | Reached skill level 8 in Dodging
  3746 | D:4      | Noticed Menkaure
  3753 | D:4      | Killed Menkaure
  3754 | D:4      | Reached skill level 9 in Dodging
  3932 | D:4      | Found Zysiz's Jewellery Boutique.
  3949 | D:4      | Noticed Edmund
  3972 | D:4      | HP: 4/46 [poisoned by a kobold brigand]
  3973 | D:4      | Reached XP level 8. HP: 5/52 MP: 8/8
  4421 | D:4      | Killed Pikel
  4422 | D:4      | Reached skill level 10 in Dodging
  4422 | D:4      | Reached skill level 5 in Unarmed Combat
  4529 | D:4      | Killed Edmund
  4648 | D:5      | Entered Level 5 of the Dungeon
  4657 | D:5      | Found Rockymmo's Distillery.
  4736 | D:5      | Reached skill level 6 in Unarmed Combat
  4834 | D:5      | Found a glowing drain.
  4868 | Sewer    | Entered a sewer
  4968 | Sewer    | Reached XP level 9. HP: 56/56 MP: 9/9
  5138 | Sewer    | Found a viscous altar of Jiyva.
  5357 | D:5      | Identified the +5 whip of Etsesea {heavy, rElec rPois
                  | Str+4}
  5394 | D:5      | Reached skill level 7 in Unarmed Combat
  5746 | D:4      | Bought the ring "Meddeid" {EV+5 Str+3} for 690 gold pieces
  5980 | D:5      | Found a runed translucent door.
  5981 | D:5      | Noticed Crazy Yiuf
  6310 | D:5      | Killed Crazy Yiuf
  6608 | D:6      | Reached skill level 8 in Unarmed Combat
  6878 | D:6      | Reached skill level 9 in Unarmed Combat
  7192 | D:6      | Reached skill level 10 in Unarmed Combat
  7425 | D:7      | Reached XP level 10. HP: 33/63 MP: 10/10
  7446 | D:7      | HP: 6/63 [orc wizard/+0 dagger (3)]
  7446 | D:7      | HP: 2/63 [something (4)]
  7672 | D:7      | Reached skill level 11 in Unarmed Combat
  7899 | D:7      | Noticed Prince Ribbit
  7917 | D:7      | Killed Prince Ribbit
  8273 | D:8      | Noticed SlaveLabor's ghost (journeyman DrAE)
  8273 | D:8      | Identified the +5 giant spiked club "Gram" {flame, rElec
                  | Str+4}
  8273 | D:8      | Found a transporter.
  8274 | D:8      | Found a transporter.
  8571 | D:8      | Reached skill level 12 in Unarmed Combat
  8583 | D:8      | Noticed Grum
  8637 | D:8      | Killed Grum
  8755 | D:5      | Bought a potion of haste for 140 gold pieces
  8755 | D:5      | Bought a potion of lignification for 42 gold pieces
  8755 | D:5      | Bought a potion of might for 56 gold pieces
  8755 | D:5      | Bought a potion of resistance for 140 gold pieces
  8755 | D:5      | Bought a potion of brilliance for 56 gold pieces
  8755 | D:5      | Bought a potion of degeneration for 14 gold pieces
  8755 | D:5      | Bought a potion of curing for 42 gold pieces
  9002 | D:8      | Identified +0 steam dragon scales
  9002 | D:8      | Noticed Maggie
  9012 | D:8      | Killed Maggie
  9336 | D:8      | Reached skill level 13 in Unarmed Combat
  9594 | D:9      | Noticed a cyan ugly thing
  9604 | D:9      | Killed a cyan ugly thing
  9643 | D:9      | Found an ornate altar of the Wu Jian Council.
  9661 | D:9      | Found a transporter.
  9669 | D:9      | Noticed GrimJard's ghost (journeyman HOMo)
  9716 | D:9      | Reached XP level 11. HP: 48/67 MP: 11/11
  9815 | D:9      | Found a transporter.
  9823 | D:9      | Found Siqin's Jewellery Shoppe.
 10249 | D:9      | Reached skill level 14 in Unarmed Combat
 10336 | D:10     | Entered Level 10 of the Dungeon
 10343 | D:10     | Found Voblasuo's Armour Boutique.
 10593 | D:10     | Found a runed translucent door.
 10595 | D:10     | Noticed gabibbone's ghost (novice DgWn)
 10595 | D:10     | Noticed a cyclops
 10634 | D:10     | Found a staircase to the Lair.
 10733 | D:10     | Noticed a two-headed ogre
 10746 | D:10     | Killed a two-headed ogre
 10793 | D:10     | Found a broken altar of Ashenzari.
 11043 | D:10     | Learned a level 5 spell: Blade Hands
 11046 | D:10     | Learned a level 2 spell: Passwall
 11085 | D:10     | Found a basalt altar of Yredelemnul.
 11086 | D:10     | Found a blossoming altar of Fedhas.
 11086 | D:10     | Found a shimmering altar of Xom.
 11088 | D:10     | Found a sacrificial altar of Ru.
 11529 | D:10     | Killed a cyclops
 11547 | D:10     | Killed gabibbone's ghost
 11548 | D:10     | Reached skill level 4 in Fighting
 11548 | D:10     | Reached skill level 15 in Unarmed Combat
 11744 | D:11     | Noticed Psyche
 11749 | D:11     | Killed Psyche
 11786 | D:11     | Reached skill level 5 in Fighting
 11789 | D:11     | Found a portal to a secret trove of treasure.
 11790 | D:11     | Noticed Nergalle
 11799 | D:11     | Killed Nergalle
 11830 | D:11     | Noticed a seven-headed hydra
 11940 | D:11     | Found a staircase to the Orcish Mines.
 11948 | D:11     | Reached skill level 6 in Fighting
 12301 | D:11     | Found Yvietiff's Weapon Shop.
 12381 | D:11     | Killed a seven-headed hydra
 12484 | D:11     | Reached skill level 7 in Fighting
 12588 | D:11     | Reached XP level 12. HP: 67/82 MP: 12/12
 12766 | D:12     | Reached skill level 8 in Fighting
 12944 | D:12     | Reached skill level 9 in Fighting
 13318 | D:12     | Reached skill level 10 in Fighting
 13425 | D:12     | Reached skill level 1 in Spellcasting
 13425 | D:12     | Reached skill level 1 in Transmutations
 13674 | D:13     | Noticed a centaur warrior
 13677 | D:13     | Noticed a centaur warrior
 13686 | D:12     | Reached skill level 2 in Transmutations
 13786 | D:13     | Noticed a death knight
 13793 | D:12     | Reached skill level 2 in Spellcasting
 13877 | D:13     | Found Son Ryrhu's General Store.
 13895 | D:13     | Noticed a boulder beetle
 13916 | D:13     | Killed a boulder beetle
 13917 | D:13     | Reached skill level 3 in Transmutations
 14159 | D:13     | Noticed a death knight
 14166 | D:13     | Killed a death knight
 14167 | D:13     | Reached skill level 3 in Spellcasting
 14171 | D:13     | HP: 2/87 [efreet/fireball (30)]
 14201 | D:13     | Reached skill level 4 in Transmutations
 14559 | D:13     | Reached skill level 4 in Spellcasting
 14559 | D:13     | Found a shimmering blue altar of Sif Muna.
 14582 | D:13     | Reached skill level 5 in Transmutations
 14869 | D:13     | Noticed a fire dragon
 14883 | D:13     | HP: 7/87 [fire dragon (shapeshifter)/blast of flame (44)]
 14884 | D:13     | Shot with an arrow by a centaur warrior

Vanquished Creatures
  A hydra (D:11)
  A two-headed ogre (D:10)
  A death knight (D:13)
  A boulder beetle (D:13)
  The ghost of gabibbone the Skirmisher, a novice DgWn (D:10)
  Nergalle (D:11)
  Pikel (D:4)
  2 phantasmal warriors (D:13)
  3 ugly things
  A deep elf pyromancer (D:12)
  2 cyclopes
  2 gargoyles
  Maggie (D:8)
  Psyche (D:11)
  4 kobold demonologists
  An efreet (D:13)
  3 komodo dragons
  5 trolls
  2 hornets
  Prince Ribbit (D:7)
  Sigmund (D:2)
  8 slime creatures
  3 wraiths
  Grum (D:8)
  5 yaks
  3 wyverns
  A golden eye (shapeshifter) (D:13)
  A steam dragon (D:7)
  9 vampire mosquitoes
  Menkaure (D:4)
  Edmund (D:4)
  3 acid dragons
  A water moccasin (D:4)
  6 orc warriors
  2 ice beasts
  3 ogres (D:9)
  3 wolves (D:8)
  2 centaurs
  2 lemures
  A phantom (D:4)
  5 kobold brigands
  5 bullfrogs
  A gnoll sergeant (D:6)
  3 scorpions
  5 wights (D:6)
  4 killer bees (D:7)
  2 howler monkeys (D:12)
  4 electric eels
  7 hounds
  5 jellies
  3 orc priests
  2 gnoll boudas
  Crazy Yiuf (D:5)
  2 iguanas
  15 orc wizards
  10 adders
  22 gnolls
  4 river rats
  4 ufetubi (D:5)
  3 worms
  2 dart slugs
  54 orcs
  14 endoplasms
  7 giant cockroaches
  4 goblins
  9 hobgoblins
  4 jackals (D:2)
  6 quokkas
  18 ball pythons
  4 bats
  10 frilled lizards
  17 kobolds
  7 rats
355 creatures vanquished.

Vanquished Creatures (others)
  3 kobolds (D:10)
  3 plants (D:10)
6 creatures vanquished.

Grand Total: 361 creatures vanquished
